AoeStats
← Mordring

Arena

510636376Analyzed
1v1 RM · 2d ago on Oct 1, 2026· 39m 12s· 2 players
Game mode
Random Map
Map size
Tiny (2 player)
Population
200
Speed
Normal
Resources
Standard
Victory
Conquest
Starting age
Dark Age
Ending age
Imperial Age
RankedLock teamsTeams togetherTeam positionsShared explorationLock speedFull tech treeHidden civsTurbo modeCheats
Victory
Defeat
🇨🇳 Japanese · China
1137
+17
🇦🇺 Dravidians · Australia
1157
-17
小雷同志
9:55 Feudal Age
13:41 Castle Age
11:59 Double-Bit Axe
12:38 Horse Collar
23:13 Bow Saw
23:26 Heavy Plow
24:09 Wheelbarrow
28:14 Imperial Age
26:12 Scale Mail Armor
26:23 Forging
26:18 Stone Mining
26:24 Treadmill Crane
26:35 Guard Tower
27:06 Ballistics
26:46 Gold Mining
27:13 Chain Mail Armor
27:08 Forging
27:55 Hand Cart
27:09 Pikeman
27:49 Squires
27:35 Arson
28:56 Yasama
29:37 Plate Mail Armor
29:50 Gold Shaft Mining
30:22 Chemistry
28:58 Halberdier
30:50 Iron Casting
30:05 Fletching
31:43 Keep
32:13 Masonry
32:53 Conscription
34:46 Two-Man Saw
33:57 Town Watch
36:13 Bodkin Arrow
37:19 Blast Furnace
36:19 Padded Archer Armor
36:18 Bodkin Arrow
36:35 Arrowslits
36:51 Murder Holes
37:07 Fortified Wall
Mordring
10:53 Feudal Age
15:13 Castle Age
14:01 Double-Bit Axe
13:58 Horse Collar
16:22 Bow Saw
18:08 Wheelbarrow
19:51 Loom
21:26 Hand Cart
23:38 Heavy Plow
23:40 Gold Mining
28:17 Imperial Age
27:28 Fletching
27:38 Padded Archer Armor
28:01 Ballistics
27:53 Masonry
28:16 Thumb Ring
30:02 Chemistry
28:45 Elite Elephant Archer
29:48 Bodkin Arrow
30:08 Leather Archer Armor
31:46 Bracer
32:26 Forging
32:28 Medical Corps
33:40 Ring Archer Armor
35:31 Scale Mail Armor
36:06 Iron Casting
37:15 Elite Skirmisher
Connection lost

Rejoining the realm…

Still unreachable

The connection could not be restored.

Session expired

The server has moved on; the page needs a fresh start.